 Dungeon Crawl Stone Soup version 0.21.1-1-g345015f (webtiles) character file.

63 inc the Vexing (level 3, -3/14 HPs)
             Began as a Felid Enchanter on Feb 21, 2018.
             Was an Initiate of Ru.
             Killed by divine providence
             ... invoked by an orc priest
              (13 damage)
             ... on level 3 of the Dungeon.
             The game lasted 00:04:31 (3171 turns).

inc the Vexing (Felid Enchanter)                    Turns: 3171, Time: 00:04:32

Health: -3/14      AC:  1    Str:  4    XL:     3   Next: 87%
Magic:  7/7        EV: 19    Int: 17    God:    Ru [......]
Gold:   93         SH:  0    Dex: 16    Spells: 0/6 levels left
                                        Lives:  0   Deaths: 0

rFire    . . .     SeeInvis +     - Unarmed
rCold    . . .     Gourm    .   (shield unavailable)
rNeg     . . .     Faith    .   (armour unavailable)
rPois    .         Spirit   .   (helmet unavailable)
rElec    .         Reflect  .   (cloak unavailable)
rCorr    .         Harm     .   (gloves unavailable)
MR       .....                  (boots unavailable)
Stlth    +++.......             (no amulet)
HPRegen  0.04/turn              (no ring)
MPRegen  0.10/turn              (no ring)

@: quick
A: very small, no armour, no weapons or thrown items, stealth, claws 1, fangs 3,
see invisible, carnivore, speed 1, shaggy fur 1, slow metabolism 1, sharp paws
a: Renounce Religion


You were on level 3 of the Dungeon.
You worshipped Ru.
Ru was noncommittal.
You were not hungry.

You visited 1 branch of the dungeon, and saw 3 of its levels.

You collected 93 gold pieces.

Inventory:

Jewellery
 p - an uncursed ring of resist corrosion {unknown}
Scrolls
 e - a scroll of enchant weapon {unknown}
 f - a scroll of teleportation {unknown}
 g - a scroll of random uselessness {unknown}
 h - a scroll of blinking {unknown}
 j - a scroll of noise {unknown}
 k - 2 scrolls of identify {unknown}
 l - 2 scrolls of remove curse {unknown}
 o - a scroll of fear {unknown}
Potions
 c - a potion of curing {unknown}
 d - a potion of might {unknown}
 i - a potion of invisibility {unknown}
 m - a potion of mutation {unknown}
 n - a potion of cancellation {unknown}
 q - a potion of brilliance {unknown}
Books
 a - a book of Maledictions

   Spells                             Type                      Level
   a - Corona                         Hexes                        1
   b - Ensorcelled Hibernation        Hexes/Ice                    2
   c - Confuse                        Hexes                        3
   d - Tukima's Dance                 Hexes                        3
   e - Dazzling Spray                 Conjuration/Hexes            3
Comestibles
 b - 4 rations


   Skills:
 - Level 4.0 Dodging
 + Level 4.3 Stealth
 - Level 2.3 Unarmed Combat
 - Level 2.0 Spellcasting
 + Level 4.7 Hexes
 + Level 0.7 Ice Magic


You couldn't memorise any spells.
You knew the following spells:

 Your Spells              Type           Power        Failure   Level  Hunger
a - Corona                Hex            ###....      2%          1    #......
b - Ensorcelled Hibernat  Hex/Ice        ##....       10%         2    ###....
c - Confuse               Hex            ###.....     9%          3    ###....


Dungeon Overview and Level Annotations

Branches:
Dungeon (3/15)

Altars:
Ru


Innate Abilities, Weirdness & Mutations

You cannot wear armour.
You are incapable of wielding weapons or throwing items.
Your paws allow you to move quietly. (Stealth)
You have sharp claws.
You have razor-sharp teeth.
You have supernaturally acute eyesight. (SInv)
You are carnivorous and can eat meat at any time.
You cover ground quickly.
You are covered in fur. (AC +1)
You have a slow metabolism.
Your sharp claws are effective at attacking unaware monsters.


Message History

Magic restored.
Memorise Confuse, consuming 3 spell levels and leaving 0?
You start memorising the spell.
You continue memorising. x3
You finish memorising.
Spell assigned to 'c'.
Things that are here:
a flail; a leather armour; an orc corpse Done exploring.
Done exploring.
(D) Dungeon
Where to? (Enter - D:3, ? - help)
There is a stone staircase leading down here.
You climb downwards.
The kobold shouts!
The orc priest mumbles some strange prayers to Beogh against you.
Pain shoots through your body!
There is a stone staircase leading up here.
The orc priest mumbles some strange prayers to Beogh against you.
Beogh smites you!
Ouch! That really hurt!
You die...

.......
.##..
.......#....
...........
..........#
.....o....
.........#
.........#
....K..@)#
........<#
#.......##
#.......#
#########


You could see an orc priest and a kobold.

Vanquished Creatures
  2 adders (D:2)
  4 worms (D:2)
  A dart slug (D:2)
  A leopard gecko (D:1)
  2 orcs
  A giant cockroach (D:1)
  3 hobgoblins (D:1)
  4 jackals (D:2)
  2 kobolds
  A quokka (D:2)
  2 bats (D:1)
  A frilled lizard (D:1)
  2 goblins
  2 rats (D:1)
28 creatures vanquished.

Notes
Turn   | Place    | Note
-------+----------+-------------------------------------------
     0 | D:1      | inc the Felid Enchanter began the quest for the Orb.
     0 | D:1      | Reached XP level 1. HP: 7/7 MP: 4/4
   934 | D:1      | Reached XP level 2. HP: 11/11 MP: 6/6
   940 | D:1      | Learned a level 2 spell: Ensorcelled Hibernation
  1928 | D:2      | Reached XP level 3. HP: 14/14 MP: 4/7
  2245 | D:2      | Found a sacrificial altar of Ru.
  2276 | D:2      | Became a worshipper of Ru the Awakened
  3149 | D:2      | Learned a level 3 spell: Confuse
  3171 | D:3      | Killed from afar by an orc priest

Skill      XL: |  1  2  3 |
---------------+----------+-----
Dodging        | 3 4 |  4.0
Unarmed Combat | 2 |  2.3
Stealth        | |  4.3
Spellcasting   | |  2.0
Hexes          | |  4.7
Ice Magic      | |  0.7

Action                   || total
-------------------------++-------
Melee: Unarmed           ||    77
       Bite              ||     4
 Cast: Ensorcelled Hiber ||    26
 Stab: Sleeping          ||    26
  Eat: Chunk             ||     5
Armor: Skin              ||     9
Dodge: Dodged            ||    71
